 Dungeon Crawl Stone Soup version 0.18.1-48-g4cf74bf (webtiles) character file.

111 Heedrag the Magician (level 4, 0/24 HPs)
             Began as a Deep Elf Conjurer on July 24, 2016.
             Slain by an orc wizard
             ... wielding a +0 dagger
              (5 damage)
             ... on level 3 of the Dungeon.
             The game lasted 00:03:33 (1951 turns).

Heedrag the Magician (Deep Elf Conjurer)            Turns: 1951, Time: 00:03:34

Health: 0/24       AC:  5    Str:  6    XL:     4   Next: 62%
Magic:  2/14       EV: 13    Int: 20    God:
Gold:   159        SH:  0    Dex: 15    Spells: 1 memorised, 15 levels left

rFire  . . .     SeeInvis .     j - +0 short sword
rCold  . . .     Gourm    .     a - +0 robe
rNeg   . . .     Faith    .     (no shield)
rPois  .         Spirit   .     m - +0 helmet
rElec  .         Dismiss  .     r - +0 cloak
rCorr  .         Reflect  .     (no gloves)
SustAt .         Harm     .     v - +0 pair of boots (curse)
MR     .....                    (no amulet)
Stlth  ++........               (no ring)
                                (no ring)

@: not resistant to hostile enchantments, unstealthy
A: no striking features
a: no special abilities


You were on level 3 of the Dungeon.
You were not hungry.

You visited 1 branch of the dungeon, and saw 3 of its levels.

You collected 159 gold pieces.

Inventory:

Hand Weapons
 f - a +0 dagger of draining
 j - a +0 short sword (weapon)
Armour
 a - a +0 robe (worn)
 m - a +0 helmet (worn)
 r - a +0 cloak (worn)
 v - a cursed +0 pair of boots (worn)
Jewellery
 i - a cursed ring of loudness {unknown}
Scrolls
 d - a scroll of magic mapping {unknown}
 e - 3 scrolls of enchant armour {unknown}
 g - a scroll of teleportation {unknown}
 h - a scroll of enchant weapon {unknown}
 l - 5 scrolls of identify {unknown}
 s - a scroll of immolation {unknown}
 t - a scroll of recharging {unknown}
 u - a scroll of remove curse {unknown}
Potions
 k - 2 potions of haste {unknown}
 o - a potion of curing {unknown}
 q - a potion of ambrosia {unknown}
Books
 b - a book of Conjurations

   Spells                             Type                      Level
   a - Magic Dart                     Conjuration                  1
   b - Searing Ray                    Conjuration                  2
   c - Dazzling Spray                 Conjuration/Hexes            3
   d - Fulminant Prism                Conjuration/Hexes            4
   e - Iskenderun's Mystic Blast      Conjuration                  4
   f - Iskenderun's Battlesphere      Conjuration/Charms           5
Comestibles
 c - 2 bread rations
 n - 2 meat rations
 p - 3 chunks of flesh


   Skills:
 - Level 2.4 Dodging
 - Level 2.4 Stealth
 * Level 6.6 Spellcasting
 - Level 4.3 Conjurations


You had 15 spell levels left.
You knew the following spells:

 Your Spells              Type           Power        Failure   Level  Hunger
a - Magic Dart            Conj           ###.         1%          1    None


Dungeon Overview and Level Annotations

Branches:
Dungeon (3/15)

Altars:


Message History

Castin': Magic Dart Confirm wit' . or Enter, or press ? or * ta list all spells.
Ye cannae see any susceptible monsters within range! (Use Z ta cast anyway.) Unknown command.
Somethin' barely misses ye.
Somethin' hits ye but does nay damage.
Ye see 'ere a dagger.
Ye hit somethin'.
An orc wizard appears from thin air!
Reactivatin' autopickup.
Tha orc wizard hits ye but does nay damage.
Tha orc wizard gestures at ye while chantin'.
Tha puff o' flame hits ye!
* * * LOW HITPOINT WARNIN'
* * * Ye hit tha orc wizard but do nay damage.
Tha orc wizard be severely wounded.
Tha orc wizard barely misses ye.
Ye closely miss tha orc wizard.
Tha orc wizard be severely wounded.
Tha orc wizard be nay longer movin' quickly.
Tha orc wizard hits ye wit' a dagger.
Ye die...

.#### ..... .... ... .#
###########
.##############.........#
.+......................+
.##..........##.##.#.##.#
.##....)...†...o@..#.# .#
.##........[....##.#.##.#
........##'##...##.#....#
........##..............#
........##########......+
........# ####......#.
..#####.# #..)......>.. ...
###o#######............+
...##..{..............#.....


You could see an orc wizard.

Vanquished Creatures
  A scorpion (D:3)
  An adder (D:3)
  2 dart slugs
  3 giant geckos
  5 orcs (D:3)
  A giant cockroach (D:1)
  11 kobolds
  2 ball pythons
  3 bats
  3 giant newts
  6 goblins
  2 rats
40 creatures vanquished.

Notes
Turn   | Place    | Note
--------------------------------------------------------------
     0 | D:1      | Heedrag the Deep Elf Conjurer began the quest for the Orb.
     0 | D:1      | Reached XP level 1. HP: 10/10 MP: 6/6
   170 | D:1      | Reached XP level 2. HP: 15/15 MP: 1/8
   174 | D:1      | Reached skill level 4 in Spellcasting
  1643 | D:3      | Reached XP level 3. HP: 19/19 MP: 9/11
  1665 | D:3      | Reached skill level 5 in Spellcasting
  1893 | D:3      | Noticed a scorpion
  1903 | D:3      | Killed a scorpion
  1903 | D:3      | Reached skill level 6 in Spellcasting
  1903 | D:3      | Reached XP level 4. HP: 24/24 MP: 6/14
  1951 | D:3      | Slain by an orc wizard

Skill      XL: |  1  2  3 |
---------------+----------+-----
Spellcasting   | 4 6 |  6.6
Dodging        | |  2.4
Stealth        | |  2.4
Conjurations   | |  4.3

Action                   |  1- 3 |  4- 6 || total
-------------------------+-------+-------++-------
Melee: Short sword       |     7 |     3 ||    10
 Cast: Magic Dart        |    64 |    12 ||    76
  Eat: Chunk             |     3 |       ||     3
Armor: Robe              |     3 |     5 ||     8
Dodge: Dodged            |     8 |    10 ||    18
